 Dungeon Crawl Stone Soup version 0.17.1-2-g5865329 (webtiles) character file.

106 PossumBlood the Magician (level 4, -4/24 HPs)
             Began as a Deep Elf Wizard on Jan 22, 2016.
             Slain by Crazy Yiuf
             ... wielding a +4 quarterstaff of chaos
              (10 damage)
             ... on level 2 of the Dungeon.
             The game lasted 00:07:49 (1800 turns).

PossumBlood the Magician (Deep Elf Wizard)          Turns: 1800, Time: 00:07:49

Health: -4/24      AC:  2    Str:  4    XL:     4   Next: 55%
Magic:  10/14      EV: 12    Int: 24    God:
Gold:   76         SH:  0    Dex: 13    Spells: 4 memorised, 8 levels left

rFire  . . .     SeeInvis .     j - +0 dagger
rCold  . . .     Clarity  .     a - +0 robe
rNeg   . . .     SustAt   .     (no shield)
rPois  .         Gourm    .     b - +0 hat
rElec  .         Spirit   .     (no cloak)
rCorr  .         Warding  .     (no gloves)
rMut   .         Stasis   .     (no boots)
MR     .....                    (no amulet)
Stlth  ++........               (no ring)
                                (no ring)

@: not resistant to hostile enchantments, unstealthy
A: no striking features
a: no special abilities


You were on level 2 of the Dungeon.
You were not hungry.

You visited 1 branch of the dungeon, and saw 2 of its levels.

You collected 76 gold pieces.

Inventory:

Hand Weapons
 j - a +0 dagger (weapon)
Armour
 a - a +0 robe (worn)
 b - a +0 hat (worn)
Scrolls
 g - 2 scrolls of remove curse {unknown}
 i - 5 scrolls of identify {unknown}
 m - a scroll of blinking {unknown}
 n - a scroll of immolation {unknown}
 p - a scroll of magic mapping {unknown}
Potions
 d - a potion of curing {unknown}
 e - a potion of invisibility {unknown}
 h - a potion of agility {unknown}
 k - 2 potions of heal wounds {unknown}
 l - a potion of cancellation {unknown}
 o - a potion of brilliance {unknown}
Books
 c - a book of Minor Magic

   Spells                             Type                      Level
   a - Magic Dart                     Conjuration                  1
   b - Blink                          Translocation                2
   c - Call Imp                       Summoning                    2
   d - Repel Missiles                 Charms/Air                   2
   e - Slow                           Hexes                        2
   f - Conjure Flame                  Conjuration/Fire             3
   g - Mephitic Cloud                 Conjuration/Poison/Air       3
Comestibles
 f - a meat ration


   Skills:
 - Level 2.4 Dodging
 - Level 2.4 Stealth
 + Level 6.2 Spellcasting
 + Level 3.3 Conjurations
   Level 1.1 Summonings
 - Level 1.1 Translocations


You had 8 spell levels left.
You knew the following spells:

 Your Spells              Type           Power        Failure   Level  Hunger
a - Magic Dart            Conj           ###.         1%          1    None
b - Blink                 Tloc           N/A          10%         2    None
c - Repel Missiles        Chrm/Air       #.....       12%         2    None
d - Slow                  Hex            #.......     12%         2    None


Dungeon Overview and Level Annotations

Branches:
Dungeon (2/15)

Altars:

Annotations:
D:2 Crazy Yiuf


Message History

Aim: Crazy Yiuf, wielding a quarterstaff of chaos and wearing a cloak (moderately wounded)
The magic dart hits Crazy Yiuf.
Crazy Yiuf is heavily wounded.
Crazy Yiuf screams, "Fire!
Leather koolooloo agre."
Crazy Yiuf hits you with a quarterstaff of chaos!
Ouch! That really hurt!
Crazy Yiuf burns you.
* * * LOW HITPOINT WARNING * * *
Drink which item? (? for menu, Esc to quit)
Okay, then.
Casting: Magic Dart
Confirm with . or Enter, or press ? or * to list all spells.
Aiming: Magic Dart
Press: ? - help, Shift-Dir - straight line, f/p - Crazy Yiuf
Aim: Crazy Yiuf, wielding a quarterstaff of chaos and wearing a cloak (heavily wounded)
The magic dart hits Crazy Yiuf.
Crazy Yiuf is severely wounded.
Crazy Yiuf laughs, "Liver!"
Crazy Yiuf hits you with a quarterstaff of chaos!
You die...

#....# #....#
#....# #.#### #.#
##.#######
#......#.### ###
#.......#..##...#
#......####@g...#
##....## ###..)#
###### ###


You could see Crazy Yiuf.

Vanquished Creatures
  Jessica (D:2)
  Natasha (D:2)
  An adder (D:2)
  2 worms (D:2)
  5 bats
  5 goblins (D:1)
  4 hobgoblins (D:1)
  4 jackals (D:1)
  4 kobolds
  A giant cockroach (D:1)
  2 giant newts
  13 rats (D:1)
43 creatures vanquished.

Notes
Turn   | Place    | Note
--------------------------------------------------------------
     0 | D:1      | PossumBlood the Deep Elf Wizard began the quest for the Orb.
     0 | D:1      | Reached XP level 1. HP: 10/10 MP: 7/7
   296 | D:1      | Reached XP level 2. HP: 15/15 MP: 4/9
   555 | D:1      | Reached skill level 5 in Spellcasting
   705 | D:1      | Learned a level 2 spell: Blink
   708 | D:1      | Learned a level 2 spell: Repel Missiles
   711 | D:1      | Learned a level 2 spell: Slow
   950 | D:1      | Reached XP level 3. HP: 19/19 MP: 5/11
  1445 | D:2      | Noticed Jessica
  1451 | D:2      | Killed Jessica
  1451 | D:2      | Reached XP level 4. HP: 24/24 MP: 6/13
  1578 | D:2      | Noticed Natasha
  1584 | D:2      | Killed Natasha
  1584 | D:2      | Reached skill level 6 in Spellcasting
  1796 | D:2      | Noticed Crazy Yiuf
  1800 | D:2      | Slain by Crazy Yiuf

Action                   |  1- 3 |  4- 6 || total
-------------------------+-------+-------++-------
Melee: Unarmed           |     4 |       ||     4
       Dagger            |     4 |       ||     4
 Cast: Magic Dart        |    80 |    22 ||   102
       Repel Missiles    |     1 |       ||     1
  Eat: Bread ration      |     1 |       ||     1
